 Dungeon Crawl Stone Soup version 0.31-a0-844-gdc52ec4 (webtiles) character file.

Game seed: 14740406372497750898

463660 BarneyGumball the Warrior (level 24, -20/193 HPs)
             Began as a Gnoll Earth Elementalist on Sept 28, 2023.
             Was the Champion of Vehumet.
             Killed from afar by a Hell Sentinel (69 damage)
             ... with an iron shot
             ... summoned by a dread lich
             ... on level 9 of a ziggurat on Sept 29, 2023.
             The game lasted 05:30:29 (76281 turns).

BarneyGumball the Warrior (GnEE)                   Turns: 76281, Time: 05:30:29

Health: -20/193    AC: 36    Str:  8    XL:     24   Next: 21%
Magic:  24/44      EV: 22    Int: 22    God:    Vehumet [******]
Gold:   1477       SH: 12    Dex: 17    Spells: 8/57 levels left

rFire   + + .        F - +3 Elemental Staff {ele, rElec rF+ rC+ AC+3}
rCold   + + .        k - +3 buckler {rC+ rF+}
rNeg    + . .        (body armour currently unavailable)
rPois   ∞            Q - +2 hat of Dramatic Exits {Regen+ Dex+2}
rElec   +            Y - +0 cloak {Will+}
rCorr   .            (gloves currently unavailable)
SInv    +            (boots currently unavailable)
Will    ++...        s - amulet of magic regeneration
Stlth   +++++++      G - ring of see invisible
HPRegen 1.32/turn    I - +4 ring of protection {=R}
MPRegen 0.69/turn

%: clarity
@: statue-form, death channelling, very slightly contaminated, slowed, studying
Fighting, very slow
A: slow and powerful, torment resistance 1, boosted hp, fangs 1, strong nose,
distributed training, (iridescent scales 1), clarity, deformed body, dopey 1,
frail 2, screaming 2, electricity resistance, subdued magic 1
}: 3/15 runes: barnacled, abyssal, gossamer
a: Begin Untransformation, Renounce Religion


You were on level 9 of a ziggurat.
You worshipped Vehumet.
Vehumet was exalted by your worship.
You were a living statue of rough stone.
You visited 7 branches of the dungeon, and saw 38 of its levels.
You visited the Abyss 2 times.
You visited 1 ziggurat, and saw 9 of its levels.
You also visited: Sewer.

You collected 6994 gold pieces.
You spent 5517 gold pieces at shops.

Inventory:

Hand Weapons
 F - the +3 Elemental Staff (weapon) {ele, rElec rF+ rC+ AC+3}
   (You acquired it on level 5 of the Dungeon)

   AC+3:      It affects your AC (+3).
   rF+:       It protects you from fire.
   rC+:       It protects you from cold.
   rElec:     It insulates you from electricity.
Missiles
 u - 9 silver javelins
Armour
 k - a +3 buckler of resistance (worn)
 x - the +2 leather armour of the Ward {Contam rElec rPois Int+3}
   (You found it on level 6 of a ziggurat)

   Int+3:     It affects your intelligence (+3).
   rElec:     It insulates you from electricity.
   rPois:     It protects you from poison Contam: It causes magical
   contamination when unequipped.
 Q - the +2 hat of Dramatic Exits (worn) {Regen+ Dex+2}
   (You found it on level 4 of the Spider Nest)

   Dex+2:     It affects your dexterity (+2).
   Regen+:    It increases your rate of health regeneration.
 Y - a +0 cloak of willpower (worn)
Jewellery
 d - a ring of willpower
 e - the amulet of the Trilobite {rF+ Regen+}
   (You acquired it on level 13 of the Dungeon)

   [amulet of regeneration]

   rF+:       It protects you from fire.
   Regen+:    It increases your rate of health regeneration.
 r - an amulet of reflection
 s - an amulet of magic regeneration (around neck)
 G - a ring of see invisible (left fist)
 I - a +4 ring of protection (right fist) {=R}
 R - a ring of resist corrosion
 T - a ring of ice
Talismans
 V - a granite talisman (active)
Wands
 a - a wand of iceblast (34)
 b - a wand of charming (16)
 f - a wand of quicksilver (24)
 h - a wand of mindburst (34)
 B - a wand of digging (26)
 W - a wand of polymorph (12)
Scrolls
 i - 6 scrolls of teleportation
 l - 2 scrolls of enchant armour
 m - 5 scrolls of fog
 n - 11 scrolls of revelation
 o - a scroll of blinking
 q - 5 scrolls of fear
 J - 4 scrolls of vulnerability
 O - 5 scrolls of amnesia
 P - a scroll of summoning
 U - 4 scrolls of immolation
 Z - 3 scrolls of poison
Potions
 c - 2 potions of cancellation
 g - 6 potions of enlightenment
 j - a potion of berserk rage
 t - 3 potions of lignification
 v - 19 potions of attraction
 w - 2 potions of heal wounds
 A - a potion of brilliance
 D - a potion of resistance
 E - 10 potions of curing
 L - a potion of haste
 M - 6 potions of might
 N - 6 potions of ambrosia
 S - 2 potions of invisibility
Miscellaneous
 p - a phantom mirror


   Skills:
 + Level 19.7 Fighting
 + Level 16.4 Short Blades
 + Level 16.4 Long Blades
 + Level 16.4 Axes
 + Level 16.4 Maces & Flails
 + Level 16.4 Polearms
 + Level 16.4 Staves
 + Level 16.4 Ranged Weapons
 + Level 16.4 Throwing
 + Level 16.4 Armour
 + Level 17.0 Dodging
 + Level 16.9 Stealth
 + Level 16.4 Shields
 + Level 16.4 Unarmed Combat
 + Level 17.1 Spellcasting
 + Level 14.0 Conjurations
 + Level 14.0 Hexes
 + Level 14.0 Summonings
 + Level 14.0 Necromancy
 + Level 14.0 Translocations
 + Level 14.2 Transmutations
 + Level 14.0 Fire Magic
 + Level 14.0 Ice Magic
 + Level 14.0 Air Magic
 + Level 14.9 Earth Magic
 + Level 14.0 Poison Magic
 + Level 17.8 Invocations
 + Level 16.4 Evocations
 + Level 15.2 Shapeshifting


You had 8 spell levels left.
You knew the following spells:

 Your Spells              Type           Power      Damage    Failure   Level
a - Borgnjor's Vile Clut  Necr/Erth      38%        N/A       1%          5
b - Bombard               Conj/Erth      38%        9d7       1%          6
c - Stone Arrow           Conj/Erth      100%       3d13      0%          3
d - Fulminant Prism       Conj/Hex       29%        3d14      1%          4
e - Apportation           Tloc           100%       N/A       0%          1
f - Death Channel         Necr           29%        N/A       1%          6
g - Ozocubu's Refrigerat  Ice            37%        4d15      2%          7
h - Passwall              Tmut/Erth      64%        N/A       0%          2
i - Irradiate             Conj/Tmut      29%        3d21      1%          5
j - Blink                 Tloc           100%       N/A       0%          2
k - Ignition              Fire           37%        3d11      17%         8

Your spell library contained the following spells:

 Spells                   Type           Power      Damage    Failure   Level
 Polar Vortex             Ice            37%        12d5*     92%         9
 Foxfire                  Conj/Fire      100%       2x1d9     0%          1
 Kiss of Death            Conj/Necr      100%       2d13      0%          1
 Magic Dart               Conj           100%       1d8       0%          1
 Necrotise                Necr           100%       1d9       0%          1
 Sandblast                Erth           100%       2d20      0%          1
 Slow                     Hex            100%       N/A       0%          1
 Call Imp                 Summ           100%       N/A       0%          2
 Cigotuvi's Dreadful Rot  Necr/Pois/Air  100%       N/A       0%          2
 Jinxbite                 Hex            100%       N/A       0%          2
 Lesser Beckoning         Tloc           100%       N/A       0%          2
 Momentum Strike          Conj/Tloc      100%       3d10      0%          2
 Poisonous Vapours        Pois/Air       100%       N/A       0%          2
 Wereblood                Tmut           58%        N/A       0%          2
 Call Canine Familiar     Summ           58%        N/A       0%          3
 Confusing Touch          Hex            58%        N/A       0%          3
 Frozen Ramparts          Ice            100%       1d16      0%          3
 Gell's Gravitas          Tloc           58%        N/A       0%          3
 Hailstorm                Conj/Ice       75%        3d15      0%          3
 Ignite Poison            Fire/Tmut/Pois 75%        N/A       0%          3
 Inner Flame              Hex/Fire       75%        N/A       0%          3
 Mephitic Cloud           Conj/Pois/Air  75%        N/A       0%          3
 Ozocubu's Armour         Ice            75%        N/A       0%          3
 Sigil of Binding         Hex            58%        N/A       0%          3
 Teleport Other           Tloc           58%        N/A       0%          3
 Tukima's Dance           Hex            58%        N/A       0%          3
 Vampiric Draining        Necr           58%        2d10      0%          3
 Airstrike                Air            37%        2d(6-22)  1%          4
 Animate Armour           Summ/Erth      100%       N/A       1%          4
 Brom's Barrelling Bould  Conj/Erth      77%        2d9       1%          4
 Cause Fear               Hex            29%        N/A       1%          4
 Dimensional Bullseye     Hex/Tloc       29%        N/A       1%          4
 Dispel Undead            Necr           58%        3d21      1%          4
 Flame Wave               Conj/Fire      75%        2d17      1%          4
 Leda's Liquefaction      Hex/Erth       38%        N/A       1%          4
 Passage of Golubria      Tloc           58%        N/A       1%          4
 Petrify                  Tmut/Erth      77%        N/A       1%          4
 Sticky Flame             Conj/Fire      75%        2d9       1%          4
 Summon Ice Beast         Ice/Summ       75%        N/A       1%          4
 Summon Lightning Spire   Summ/Air       75%        N/A       1%          4
 Vhi's Electric Charge    Tloc/Air       100%       N/A       1%          4
 Agony                    Necr           58%        N/A       1%          5
 Alistair's Intoxication  Tmut/Pois      38%        N/A       1%          5
 Fireball                 Conj/Fire      37%        3d15      1%          5
 Freezing Cloud           Conj/Ice/Air   48%        6-21      1%          5
 Iskenderun's Battlesphe  Conj           58%        2d11      1%          5
 Lee's Rapid Deconstruct  Erth           39%        3d19*     1%          5
 Metabolic Englaciation   Hex/Ice        37%        N/A       1%          5
 Silence                  Hex/Air        37%        N/A       1%          5
 Summon Forest            Summ/Tloc      29%        N/A       1%          5
 Yara's Violent Unravell  Hex/Tmut       29%        3d12      1%          5
 Conjure Ball Lightning   Conj/Air       37%        3x3d12    1%          6
 Eringya's Noxious Bog    Tmut/Pois      29%        4d6       1%          6
 Plasma Beam              Fire/Air       48%        2x1d62    1%          6
 Simulacrum               Ice/Necr       37%        N/A       1%          6
 Starburst                Conj/Fire      37%        6d11      1%          6
 Orb of Destruction       Conj           29%        9d9       2%          7
 Enfeeble                 Hex            29%        N/A       8%          7
 Malign Gateway           Summ/Tloc      29%        N/A       8%          7
 Summon Hydra             Summ           29%        N/A       8%          7
 Lehudib's Crystal Spear  Conj/Erth      38%        10d10     14%         8
 Maxwell's Capacitive Co  Air            37%        ∞         17%         8
 Summon Horrible Things   Summ           29%        N/A       54%         8
 Shatter                  Erth           39%        3d31*     83%         9
 Chain Lightning          Conj/Air       37%        3d50      92%         9
 Fire Storm               Conj/Fire      37%        8d10      92%         9
 Death's Door             Necr           29%        N/A       100%        9
 Dragon's Call            Summ           29%        N/A       100%        9


Dungeon Overview and Level Annotations

Branches:
Dungeon (15/15)            Temple (0/1) D:5            Lair (5/5) D:8
 Shoals (4/4) Lair:2       Spider (4/4) Lair:3        Slime (0/5) Lair:4
    Orc (2/2) D:12            Elf (0/3) Orc:2        Vaults (4/5) D:13
  Crypt (0/3) Vaults:2     Depths (4/4) D:15            Zot (0/5) Depths:4
  Sewer (visited)

Altars:
Dithmenos
Elyvilon
Gozag
Kikubaaqudgha
Makhleb
Nemelex Xobeh
Okawaru
Qazlal
Ru
Sif Muna
Trog
Vehumet
Wu Jian
Yredelemnul
Zin
The Shining One
Jiyva

Shops:
D:2 =   D:12 (   D:13 *   D:14 !   Orc:2 ::*[   Shoals:1 :   Shoals:2 :
Vaults:2 *   Vaults:4 *   Depths:3 (

Portals:
Hell: Depths:1 Depths:2 Depths:3 Depths:4
Abyss: Depths:2 Depths:3 Depths:4
Pandemonium: Depths:2 Depths:4

Annotations:
D:12 Kirke
D:13 2 runed translucent doors, exclusion: 2 doors
Lair:3 2 transporters, MrDizzy's ghost, journeyman DsCj
Shoals:1 3 runed translucent doors, exclusion: 3 doors, Esequ's ghost, adept FoHs
Shoals:4 Mlioglotl
Vaults:4 3 runed translucent doors, exclusion: 3 doors, WinterFox's ghost, veteran GnWn
Depths:3 3 runed translucent doors, exclusion: 3 doors, Ivue's ghost, veteran MiCA; Tiaserch's ghost, veteran HOFi
Depths:4 3 runed translucent doors, exclusion: 3 doors, Jorghuwk's ghost, veteran MiCA


Innate Abilities, Weirdness & Mutations

You are a living statue of rough stone.
Your actions are slow, but your melee attacks are powerful.
You are resistant to unholy torment.
Your maximum health is increased.
Your equipment is partially melded.
You are immune to poison.
You have very sharp teeth.
Your uncanny sense of smell can sniff out nearby items.
Your experience applies equally to all skills.
((You are partially covered in iridescent scales. (AC +2)))
You possess an exceptional clarity of mind.
Armour fits poorly on your strangely shaped body.
You are dopey. (Int -2)
You are very frail. (-20% HP)
You frequently scream uncontrollably at your foes.
You are resistant to electric shocks. (rElec)
Your spells are a little easier to cast, but a little less powerful.


Message History

The Ice Fiend claws your spectral deep elf sorcerer!
The Ice Fiend freezes your spectral deep elf sorcerer!!
Your spectral deep elf sorcerer resists.
The Ice Fiend claws your spectral deep elf sorcerer.
The Ice Fiend freezes your spectral deep elf sorcerer!!
Your spectral deep elf sorcerer resists.
Your spectral very ugly thing closely misses the dread lich.
Casting: Blink (safe; 0% risk of failure)
Confirm with . or Enter, or press ? or * to list all spells.
Aiming: Bombard (mildly dangerous; 1% risk of failure)
Press: ? - help, Shift-Dir - straight line, f/p - dread lich
Aim: a dread lich (lightly damaged, fast, ally target, 76% to hit)
You feel a surge of power!
The iron shot hits the dread lich!!
The dread lich is moderately damaged.
The blast sends you backwards.
The spark wasp changes into a tyrant leech!
The dread lich touches you.
* * * LOW HITPOINT WARNING * * *
Your spectral deep elf sorcerer hits the Ice Fiend.
The Ice Fiend claws your spectral ogre mage!!
The Ice Fiend freezes your spectral ogre mage!
Your spectral ogre mage resists.
The Ice Fiend claws your spectral ogre mage.
The Ice Fiend freezes your spectral ogre mage!!
Your spectral ogre mage resists.
Your spectral ogre mage is destroyed!
Your spectral very ugly thing hits the dread lich but does no damage.
The dread lich closely misses you.
Your spectral deep elf sorcerer hits the Ice Fiend but does no damage.
The Ice Fiend claws your spectral ironbound preserver!
The Ice Fiend freezes your spectral ironbound preserver!!
Your spectral ironbound preserver resists.
The Ice Fiend claws your spectral ironbound preserver.
The Ice Fiend freezes your spectral ironbound preserver!!
Your spectral ironbound preserver resists.
Your spectral very ugly thing hits the dread lich!
The dread lich touches your spectral very ugly thing but does no damage.
The Hell Sentinel gestures at you. The iron shot hits you!!!
You die...

▓▓.........)..†.)∩
▓..∩............H>
▓▓...........†..:∩
▓................
▓.....1...w......
▓▓....ZZ.........
▓.....Z.........
▓▓▓.1LZ.......▓▓
▓▓.8.......▓▓
▓▓▓▓▓.▓▓▓▓▓ ▓▓


You could see a Hell Sentinel (summoned), a dread lich (fast, distracted, ally
target), an Ice Fiend (summoned, ally target), a tyrant leech shaped shifter, a
friendly spectral ice dragon, a friendly spectral very ugly thing, a friendly
spectral deep elf sorcerer and a friendly spectral ironbound preserver.

Vanquished Creatures
  2 dread liches
  Josephina (Depths:2)
  Margery (Depths:3)
  Saint Roka (Vaults:1)
  2 golden dragons (Depths:4)
  2 bone dragons
  A pandemonium lord (Zig:3)
  Rupert (D:14)
  5 liches
  A Hell Sentinel (Abyss:4)
  3 tentacled monstrosities
  A titan (Zig:4)
  Asterion (Vaults:1)
  A walking divine tome (Depths:3)
  A deep elf master archer (Zig:8)
  An acid blob (Zig:7)
  4 sphinxes
  2 Executioners (Abyss:4)
  A thorn hunter (Abyss:3)
  An ancient champion (Zig:6)
  2 shadow dragons (Depths:3)
  A tengu reaver (Depths:4)
  2 storm dragons
  15 tentacled starspawn
  An azure jelly (Zig:7)
  A nagaraja (Abyss:3)
  3 iron dragons
  A deep elf sorcerer (Zig:9)
  A draconian knight (Depths:4)
  2 fire giants
  2 emperor scorpions (Spider:4)
  2 ghost moths
  7 frost giants
  A deep elf elementalist (Abyss:3)
  11 vault wardens
  3 spriggan defenders (Depths:2)
  A draconian shifter (Depths:4)
  15 ironbound preservers
  3 orc warlords (Vaults:2)
  12 stone giants
  3 broodmothers
  A war gargoyle (Vaults:4)
  8 very ugly things
  A reaper (Zig:6)
  2 quicksilver oozes (Zig:7)
  A cacodemon (Abyss:3)
  6 ironbound thunderhulks
  A stone giant (shapeshifter) (D:14)
  3 green draconians
  5 vampire knights
  A formless jellyfish (Vaults:4)
  A black draconian (Depths:4)
  A deep elf annihilator (Vaults:2)
  3 spark wasps
  7 dire elephants
  8 ettins
  A crystal guardian (Vaults:4)
  Snorg (Orc:2)
  2 blizzard demons (Abyss:2)
  A deep elf death mage (Zig:6)
  9 merfolk javelineers (Shoals:4)
  A green death (Depths:4)
  9 merfolk impalers
  A shambling mangrove (Abyss:4)
  11 fire dragons
  6 mummy priests
  A deep elf high priest (Zig:8)
  8 entropy weavers
  5 great orbs of eyes
  A spriggan zombie (Abyss:4)
  7 yaktaur captains
  Fannar (Lair:1)
  3 hydras
  7 vault guards
  6 rakshasas
  A juggernaut simulacrum (Abyss:2)
  6 ice dragons
  4 peacekeepers
  An ogre mage (Zig:9)
  Erolcha (Orc:2)
  An ice dragon (shapeshifter) (Zig:9)
  3 merfolk avatars
  5 jorogumos
  3 boulder beetles
  6 centaur warriors
  6 spriggan air magi
  3 radroaches
  2 alligator snapping turtles (Shoals:4)
  4 satyrs
  An alligator (Zig:1)
  4 two-headed ogres
  12 ironbound frosthearts
  A catoblepas (Lair:2)
  6 deep troll shamans
  6 merfolk aquamancers
  5 death scarabs (Spider:4)
  7 death yaks
  6 hell hogs
  2 dancing weapons (Zig:8)
  11 deep troll earth magi
  5 orc high priests (Orc:2)
  5 vampire magi
  12 demonic crawlers
  3 thrashing horrors
  11 hell knights
  8 tengu warriors
  2 deep elf knights (Zig:8)
  2 soul eaters
  A sun demon (Depths:4)
  5 spriggan berserkers
  A salamander mystic (Depths:2)
  11 wretched stars
  6 iron trolls
  10 pharaoh ants
  9 skysharks
  11 sea snakes
  11 orb spiders
  4 sun moths
  6 sixfirhies
  3 spatial maelstroms
  A swamp dragon (Abyss:3)
  59 deep trolls
  2 orange crystal statues (Zig:7)
  5 lindwurms
  A spriggan simulacrum (Depths:2)
  16 ironbound convokers
  A flayed ghost (Depths:4)
  2 obsidian statues (Zig:7)
  An anaconda zombie (Abyss:3)
  5 deep elf pyromancers
  10 necromancers
  9 steelbarb worms
  A harpy (shapeshifter) (D:15)
  11 wizards
  Pikel (D:4)
  A deep elf archer (Zig:8)
  8 glowing orange brains
  14 harpies
  3 phantasmal warriors
  2 orc sorcerers
  16 ugly things
  4 oklob plants
  2 shining eyes
  A deep elf zephyrmancer (Zig:8)
  14 wolf spiders
  19 orc knights
  19 fauns
  A tengu skeleton (Vaults:2)
  7 cyclopes
  18 manticores
  3 moths of wrath (Spider:4)
  2 worldbinders (Abyss:4)
  5 salamanders
  9 merfolk sirens
  11 elephants (Lair:5)
  A frost giant skeleton (Vaults:1)
  A fire giant skeleton (Depths:1)
  Maurice (D:13)
  An elf zombie (Vaults:1)
  5 torpor snails
  A stone giant skeleton (Vaults:2)
  2 black mambas
  A naga mage (Abyss:4)
  2 guardian serpents
  A titan simulacrum (Abyss:3)
  5 water nymphs
  2 apocalypse crabs
  An orange demon (Depths:4)
  3 gargoyles
  A storm dragon simulacrum (Depths:2)
  13 smoke demons
  19 vault sentinels
  An eye of devastation (Abyss:4)
  5 komodo dragons
  A spectral redback (Spider:4)
  16 yaktaurs
  A kobold demonologist (D:13)
  7 cane toads
  2 unseen horrors
  A redback zombie (Spider:4)
  2 rime drakes
  2 elf skeletons (Vaults:2)
  2 efreet
  A tormentor (Zig:3)
  2 freezing wraiths
  4 tengu conjurers
  A yaktaur skeleton (Vaults:1)
  2 ancient zymes
  A burning bush (Lair:2)
  41 starcursed masses
  5 red devils
  4 meliai (Abyss:4)
  5 wind drakes
  3 hellwings
  6 trolls
  10 polar bears
  A queen bee (Abyss:4)
  A meliai (shapeshifter) (D:14)
  9 hornets
  2 tarantella zombies (Spider:4)
  20 raiju
  Prince Ribbit (D:5)
  17 tarantellas
  5 spectral jumping spiders (Spider:4)
  30 merfolk
  3 spectral culicivoras (Spider:4)
  4 spectral tarantellas (Spider:4)
  A stone giant simulacrum (Depths:1)
  A fire giant simulacrum (Depths:2)
  8 dream sheep
  2 culicivora zombies (Spider:4)
  29 jumping spiders
  6 snapping turtles
  20 blink frogs
  2 jumping spider zombies (Spider:4)
  12 spriggans
  3 vampires
  A shadow (Abyss:2)
  25 large abominations
  4 wyverns
  A wraith (D:13)
  27 slime creatures
  15 culicivoras
  13 water elementals
  2 ushabtiu (Zig:5)
  A fire elemental (Lair:2)
  4 ynoxinuls
  11 neqoxecs
  A basilisk (Lair:1)
  5 chaos spawn
  62 yaks
  10 vampire mosquitoes
  A hog (D:12)
  3 wargs
  Eustachio (D:5)
  62 redbacks
  A steam dragon (D:7)
  3 nagas (Abyss:4)
  An acid dragon (D:9)
  A spatial vortex (Abyss:4)
  9 water moccasins
  4 sky beasts
  48 orc warriors
  2 ice beasts
  2 ogres
  An ettin simulacrum (Depths:2)
  11 boggarts
  12 centaurs
  4 black bears
  17 small abominations
  An orc skeleton (Vaults:1)
  33 wolves
  3 phantoms
  3 lemures (D:4)
  6 kobold brigands
  17 bullfrogs
  A glowing shapeshifter simulacrum (Depths:1)
  7 scorpions
  14 wights
  6 killer bees (D:9)
  5 howler monkeys
  5 electric eels
  4 lava snakes (Lair:2)
  2 quasits (Abyss:2)
  A centaur zombie (D:10)
  A gnoll bouda (D:7)
  7 hounds
  9 jellies
  36 orc priests
  A sleepcap (D:5)
  Ijyb (D:3)
  24 orc wizards
  Natasha (thrice) (D:3)
  6 iguanas
  4 hell rats (Lair:2)
  A boggart simulacrum (D:13)
  10 mummies
  A howler monkey zombie (D:10)
  12 gnolls
  10 adders
  5 river rats
  A shadow imp (D:5)
  4 white imps
  3 ufetubi
  4 worms
  3 dart slugs (D:2)
  112 orcs
  A bat (D:2)
  22 endoplasms
  6 giant cockroaches
  A goblin (D:2)
  4 hobgoblins
  2 jackals (D:1)
  4 quokkas
  13 ball pythons
  3 frilled lizards
  2 goblin skeletons (D:3)
  A goblin zombie (D:3)
  A hobgoblin zombie (D:3)
  15 kobolds
  A kobold skeleton (D:3)
  An orc zombie (D:3)
  10 rats
  3 fulminant prisms
  A lurking horror (Abyss:3)
  15 starspawn tentacles
1968 creatures vanquished.

Vanquished Creatures (collateral kills)
  A rakshasa (Abyss:4)
  A dancing weapon (Zig:8)
  4 starcursed masses
  A raiju (Abyss:2)
  A blink frog (Abyss:2)
8 creatures vanquished.

Vanquished Creatures (others)
  A rakshasa (Depths:3)
  A golden dragon simulacrum (Depths:2)
  3 golden eyes (Abyss:2)
  A small abomination (Abyss:4)
  7 ball lightnings (Zig:3)
  198 fulminant prisms
  25 starspawn tentacles
236 creatures vanquished.

Grand Total: 2212 creatures vanquished

Notes
Turn   | Place    | Note
-------+----------+-------------------------------------------
     0 | D:1      | BarneyGumball the Gnoll Earth Elementalist began the quest
                  | for the Orb.
     0 | D:1      | Reached XP level 1. HP: 13/13 MP: 6/6
   207 | D:1      | Reached XP level 2. HP: 19/19 MP: 5/7
   736 | D:1      | Reached XP level 3. HP: 25/25 MP: 7/9
   870 | D:2      | Reached skill level 5 in Spellcasting
   929 | D:2      | Found Uneucraz's Jewellery Shoppe.
  1012 | D:2      | Reached skill level 1 in Invocations
  1145 | D:2      | Learned a level 3 spell: Stone Arrow
  1227 | D:2      | Reached skill level 1 in Fighting
  1227 | D:2      | Reached skill level 1 in Short Blades
  1227 | D:2      | Reached skill level 1 in Long Blades
  1227 | D:2      | Reached skill level 1 in Axes
  1227 | D:2      | Reached skill level 1 in Maces & Flails
  1227 | D:2      | Reached skill level 1 in Polearms
  1227 | D:2      | Reached skill level 1 in Staves
  1227 | D:2      | Reached skill level 1 in Ranged Weapons
  1227 | D:2      | Reached skill level 1 in Throwing
  1227 | D:2      | Reached skill level 1 in Armour
  1227 | D:2      | Reached skill level 1 in Shields
  1227 | D:2      | Reached skill level 1 in Unarmed Combat
  1227 | D:2      | Reached skill level 1 in Evocations
  1513 | D:3      | Reached XP level 4. HP: 32/32 MP: 8/11
  1515 | D:3      | Reached skill level 1 in Shapeshifting
  1560 | D:3      | Reached skill level 1 in Conjurations
  1560 | D:3      | Reached skill level 1 in Hexes
  1560 | D:3      | Reached skill level 1 in Summonings
  1560 | D:3      | Reached skill level 1 in Necromancy
  1560 | D:3      | Reached skill level 1 in Translocations
  1560 | D:3      | Reached skill level 1 in Fire Magic
  1560 | D:3      | Reached skill level 1 in Ice Magic
  1560 | D:3      | Reached skill level 1 in Air Magic
  1560 | D:3      | Reached skill level 1 in Poison Magic
  1567 | D:3      | Reached XP level 5. HP: 37/37 MP: 8/12
  1626 | D:3      | Found a glowing drain.
  1737 | D:3      | Found a radiant altar of Vehumet.
  1765 | Sewer    | Entered a sewer
  1868 | Sewer    | Noticed a kobold brigand
  1895 | Sewer    | Killed a kobold brigand
  1896 | Sewer    | Reached XP level 6. HP: 29/44 MP: 2/13
  2161 | Sewer    | Reached skill level 2 in Fighting
  2161 | Sewer    | Reached skill level 5 in Dodging
  2490 | Sewer    | Reached XP level 7. HP: 51/51 MP: 5/15
  2929 | D:3      | Learned a level 2 spell: Passwall
  2963 | D:3      | Noticed Natasha
  2966 | D:3      | Killed Natasha
  3123 | D:3      | Became a worshipper of Vehumet
  3272 | D:3      | Noticed Natasha
  3274 | D:3      | Killed Natasha
  3275 | D:3      | Reached skill level 5 in Stealth
  3321 | D:3      | Noticed Ijyb
  3334 | D:3      | Noticed Natasha
  3336 | D:3      | Killed Natasha
  3370 | D:3      | Found a glowing golden altar of the Shining One.
  3671 | D:3      | Killed Ijyb
  3943 | D:4      | Reached XP level 8. HP: 57/57 MP: 9/16
  4002 | D:4      | Found a bloodstained altar of Trog.
  4050 | D:4      | Reached skill level 3 in Fighting
  4478 | D:4      | Found an ornate altar of the Wu Jian Council.
  4669 | D:5      | Entered Level 5 of the Dungeon
  4803 | D:5      | Noticed Prince Ribbit
  5064 | D:5      | Noticed Eustachio
  5079 | D:5      | Killed Eustachio
  5091 | D:5      | Reached * piety under Vehumet
  5091 | D:5      | Offered knowledge of Freeze by Vehumet.
  5416 | D:5      | Found a staircase to the Ecumenical Temple.
  5696 | D:5      | Found a sacrificial altar of Ru.
  5776 | D:5      | Noticed a yak
  5804 | D:5      | Reached XP level 9. HP: 57/65 MP: 4/18
  5811 | D:5      | Identified 3 scrolls of acquirement
  5811 | D:5      | Acquired the -1 pair of gloves of Biom {rPois rF+ rCorr
                  | Str+3}
  5932 | D:5      | Acquired the +3 Elemental Staff {ele, rElec rF+ rC+ AC+3}
  5932 | D:5      | Found the +3 Elemental Staff {ele, rElec rF+ rC+ AC+3}
  5935 | D:5      | Acquired 1042 gold pieces
  6019 | D:2      | Bought a ring of protection from fire for 250 gold pieces
  6019 | D:2      | Bought a ring of see invisible for 150 gold pieces
  6138 | D:5      | Reached skill level 4 in Fighting
  6923 | D:6      | Found a white marble altar of Elyvilon.
  6938 | D:6      | Reached ** piety under Vehumet
  6938 | D:6      | Offered knowledge of Static Discharge by Vehumet.
  7404 | D:6      | Found a sparkling altar of Nemelex Xobeh.
  7658 | D:6      | Found a stormy altar of Qazlal.
  8097 | D:7      | Reached skill level 5 in Invocations
  8760 | D:7      | Noticed an oklob plant
  8880 | D:7      | Found an opulent altar of Gozag.
  9372 | D:8      | Offered knowledge of Dazzling Flash by Vehumet.
  9373 | D:8      | Reached XP level 10. HP: 73/73 MP: 16/20
  9429 | D:8      | Found a burning altar of Makhleb.
  9461 | D:8      | Reached skill level 5 in Fighting
  9461 | D:8      | Reached skill level 5 in Short Blades
  9461 | D:8      | Reached skill level 5 in Long Blades
  9461 | D:8      | Reached skill level 5 in Axes
  9461 | D:8      | Reached skill level 5 in Maces & Flails
  9461 | D:8      | Reached skill level 5 in Polearms
  9461 | D:8      | Reached skill level 5 in Staves
  9461 | D:8      | Reached skill level 5 in Ranged Weapons
  9461 | D:8      | Reached skill level 5 in Throwing
  9461 | D:8      | Reached skill level 5 in Armour
  9461 | D:8      | Reached skill level 5 in Shields
  9461 | D:8      | Reached skill level 5 in Unarmed Combat
  9461 | D:8      | Reached skill level 5 in Evocations
  9867 | D:8      | Found a shadowy altar of Dithmenos.
  9990 | D:8      | Found an iron altar of Okawaru.
 10008 | D:8      | Reached *** piety under Vehumet
 10319 | D:8      | Reached skill level 5 in Transmutations
 10579 | D:8      | Offered knowledge of Ignite Poison by Vehumet.
 10580 | D:8      | Reached skill level 5 in Shapeshifting
 10596 | D:8      | Learned a level 1 spell: Apportation
 10656 | D:8      | Found a staircase to the Lair.
 10955 | D:9      | Found a glowing silver altar of Zin.
 11217 | D:9      | Noticed a cyclops
 11223 | D:9      | Killed a cyclops
 11226 | D:9      | Reached XP level 11. HP: 81/81 MP: 11/22
 11352 | D:9      | Reached skill level 6 in Fighting
 11357 | D:9      | Reached skill level 5 in Conjurations
 11357 | D:9      | Reached skill level 5 in Hexes
 11357 | D:9      | Reached skill level 5 in Summonings
 11357 | D:9      | Reached skill level 5 in Necromancy
 11357 | D:9      | Reached skill level 5 in Translocations
 11357 | D:9      | Reached skill level 5 in Fire Magic
 11357 | D:9      | Reached skill level 5 in Ice Magic
 11357 | D:9      | Reached skill level 5 in Air Magic
 11357 | D:9      | Reached skill level 5 in Poison Magic
 11743 | D:10     | Entered Level 10 of the Dungeon
 11852 | D:10     | Noticed a two-headed ogre
 11855 | D:10     | Killed a two-headed ogre
 11920 | D:10     | Reached **** piety under Vehumet
 11922 | D:10     | Offered knowledge of Fulminant Prism by Vehumet.
 11928 | D:10     | Learned a level 4 spell: Fulminant Prism
 12228 | D:10     | Found a shimmering blue altar of Sif Muna.
 12277 | D:10     | Noticed a deep elf pyromancer
 12282 | D:10     | Killed a deep elf pyromancer
 12404 | D:10     | Identified the +1 robe of Pandemonium {Harm Fly rPois
                  | Will-}
 12580 | D:10     | Found a basalt altar of Yredelemnul.
 12712 | D:11     | Noticed a two-headed ogre
 12716 | D:11     | Killed a two-headed ogre
 12930 | D:11     | Noticed a manticore
 12936 | D:11     | Killed a manticore
 13669 | D:11     | Noticed a manticore
 13674 | D:11     | Killed a manticore
 13801 | D:11     | Noticed a two-headed ogre
 13806 | D:11     | Killed a two-headed ogre
 13908 | D:11     | Noticed a manticore
 13912 | D:11     | Killed a manticore
 13913 | D:11     | Reached XP level 12. HP: 75/89 MP: 17/24
 14113 | D:11     | Reached skill level 7 in Fighting
 14174 | Lair:1   | Entered Level 1 of the Lair of Beasts
 14474 | Lair:1   | Learned a level 5 spell: Lee's Rapid Deconstruction
 14479 | Lair:1   | Learned a level 4 spell: Dispel Undead
 14771 | Lair:1   | Reached ***** piety under Vehumet
 14891 | Lair:1   | Offered knowledge of Airstrike by Vehumet.
 14938 | Lair:1   | Noticed a boulder beetle
 14953 | Lair:1   | Learned a level 4 spell: Airstrike
 14966 | Lair:1   | Noticed Fannar
 15116 | D:2      | Bought a ring of ice for 250 gold pieces
 15237 | Lair:1   | Killed Fannar
 15586 | Lair:1   | Killed a boulder beetle
 15879 | Lair:2   | Noticed a death yak
 16104 | Lair:2   | Noticed a catoblepas
 16116 | Lair:2   | Killed a catoblepas
 16593 | Lair:2   | Learned a level 5 spell: Irradiate
 16736 | Lair:2   | Killed a death yak
 16737 | Lair:2   | Reached skill level 8 in Fighting
 16737 | Lair:2   | Reached XP level 13. HP: 98/98 MP: 6/26
 17279 | Lair:2   | Found a staircase to the Shoals.
 18227 | Lair:3   | Found a hole to the Spider Nest.
 18366 | Lair:3   | Found a transporter.
 18372 | Lair:3   | Noticed MrDizzy's ghost (journeyman DsCj)
 18383 | Lair:3   | Found a transporter.
 19057 | Lair:3   | Reached skill level 10 in Spellcasting
 19667 | Lair:4   | Offered knowledge of Flame Wave by Vehumet.
 19820 | Lair:4   | Reached skill level 10 in Dodging
 20405 | Lair:4   | Reached skill level 9 in Fighting
 20405 | Lair:4   | Reached XP level 14. HP: 106/108 MP: 15/28
 20563 | Lair:4   | Identified the +2 cloak "Zuybb" {Contam Fly rElec Int+5}
 20683 | Lair:4   | Found a staircase to the Slime Pits.
 20683 | Lair:4   | Found a viscous altar of Jiyva.
 20690 | Lair:4   | Reached skill level 10 in Stealth
 20954 | Lair:5   | Entered Level 5 of the Lair of Beasts
 21165 | Lair:5   | Reached skill level 10 in Invocations
 22004 | Lair:5   | Learned a level 2 spell: Blink
 22826 | Lair:5   | Identified the ring of the Water Diviner {rElec rPois rCorr
                  | Str+4 Stlth-}
 23847 | D:12     | Offered knowledge of Bombard by Vehumet.
 23880 | D:12     | Learned a level 6 spell: Bombard
 24010 | D:12     | Found a staircase to the Orcish Mines.
 24606 | D:12     | Noticed Kirke
 24687 | D:12     | Found Mazoj's Weapon Emporium.
 24720 | D:13     | Found Naunle's Assorted Antiques.
 24727 | D:13     | Bought a scroll of acquirement for 1560 gold pieces
 24727 | D:13     | Acquired the amulet of the Trilobite {rF+ Regen+}
 25664 | D:13     | Reached skill level 10 in Earth Magic
 25870 | D:13     | Reached XP level 15. HP: 115/115 MP: 14/30
 26278 | D:13     | Noticed Maurice
 26283 | D:13     | Killed Maurice
 26413 | D:13     | Found a gate to the Vaults.
 26693 | D:13     | Found a large runed translucent door.
 26694 | D:13     | Found a large runed translucent door.
 27162 | D:14     | Reached skill level 10 in Fighting
 27162 | D:14     | Reached skill level 10 in Short Blades
 27162 | D:14     | Reached skill level 10 in Long Blades
 27162 | D:14     | Reached skill level 10 in Axes
 27162 | D:14     | Reached skill level 10 in Maces & Flails
 27162 | D:14     | Reached skill level 10 in Polearms
 27162 | D:14     | Reached skill level 10 in Staves
 27162 | D:14     | Reached skill level 10 in Ranged Weapons
 27162 | D:14     | Reached skill level 10 in Throwing
 27162 | D:14     | Reached skill level 10 in Armour
 27162 | D:14     | Reached skill level 10 in Shields
 27162 | D:14     | Reached skill level 10 in Unarmed Combat
 27162 | D:14     | Reached skill level 10 in Evocations
 28017 | D:14     | Noticed Rupert
 28024 | D:14     | Killed Rupert
 28168 | D:14     | Found Egioc's Distillery.
 28171 | D:14     | Bought a potion of might for 56 gold pieces
 28171 | D:14     | Bought a potion of curing for 42 gold pieces
 28171 | D:14     | Bought a potion of heal wounds for 70 gold pieces
 28171 | D:14     | Bought a potion of curing for 42 gold pieces
 28183 | D:15     | Entered Level 15 of the Dungeon
 28676 | D:15     | Found a staircase to the Depths.
 28794 | D:15     | Offered knowledge of Ozocubu's Refrigeration by Vehumet.
 28897 | D:15     | Learned a level 7 spell: Ozocubu's Refrigeration
 29896 | D:5      | Killed Prince Ribbit
 30027 | D:4      | Noticed Pikel
 30038 | D:4      | Killed Pikel
 30630 | Orc:1    | Entered Level 1 of the Orcish Mines
 30883 | Orc:2    | Entered Level 2 of the Orcish Mines
 30893 | Orc:2    | Noticed Snorg
 30896 | Orc:2    | Noticed Erolcha
 30900 | Orc:2    | Killed Snorg
 30953 | Orc:2    | Killed Erolcha
 31191 | Orc:2    | Found a staircase to the Elven Halls.
 31328 | Orc:2    | Found a burning altar of Makhleb.
 31866 | Orc:2    | Reached ****** piety under Vehumet
 32146 | Orc:2    | Offered knowledge of Freezing Cloud by Vehumet.
 32767 | Orc:2    | Found Jekk's Book Emporium.
 32767 | Orc:2    | Found Yveub's Book Emporium.
 32768 | Orc:2    | Found Yschax's Armour Emporium.
 32768 | Orc:2    | Found Torchy Olum's General Store.
 32776 | Orc:2    | Bought a scroll of blinking for 135 gold pieces
 33036 | Spider:1 | Entered Level 1 of the Spider Nest
 33038 | Spider:1 | Noticed a ghost moth
 33183 | Spider:1 | Killed a ghost moth
 33359 | Spider:1 | Reached XP level 16. HP: 124/124 MP: 26/31
 34403 | Spider:1 | Reached skill level 10 in Shapeshifting
 35498 | Orc:2    | Bought a book of the Spheres for 768 gold pieces
 35810 | Spider:2 | Reached skill level 11 in Fighting
 36900 | Spider:2 | Offered knowledge of Plasma Beam by Vehumet.
 39597 | Spider:3 | Reached skill level 10 in Transmutations
 39745 | Spider:4 | Entered Level 4 of the Spider Nest
 39747 | Spider:4 | Reached XP level 17. HP: 103/131 MP: 30/33
 40507 | Spider:4 | Offered knowledge of Spellforged Servitor by Vehumet.
 41409 | Spider:4 | Reached skill level 10 in Conjurations
 41409 | Spider:4 | Reached skill level 10 in Hexes
 41409 | Spider:4 | Reached skill level 10 in Summonings
 41409 | Spider:4 | Reached skill level 10 in Necromancy
 41409 | Spider:4 | Reached skill level 10 in Translocations
 41409 | Spider:4 | Reached skill level 10 in Fire Magic
 41409 | Spider:4 | Reached skill level 10 in Ice Magic
 41409 | Spider:4 | Reached skill level 10 in Air Magic
 41409 | Spider:4 | Reached skill level 10 in Poison Magic
 43264 | Spider:4 | Reached skill level 12 in Fighting
 43311 | Spider:4 | Got a gossamer rune of Zot
 43312 | Spider:4 | Identified the +2 hat of Dramatic Exits {Regen+ Dex+2}
 43547 | Shoals:1 | Entered Level 1 of the Shoals
 43629 | Shoals:1 | Offered knowledge of Fire Storm by Vehumet.
 43629 | Shoals:1 | Offered knowledge of Polar Vortex by Vehumet.
 43629 | Shoals:1 | Offered knowledge of Ignition by Vehumet.
 43773 | Shoals:1 | Found Queloas's Self-Improvement Boutique.
 44002 | Shoals:1 | Bought a manual of Fighting for 1360 gold pieces
 45015 | Shoals:1 | Found a runed translucent gate.
 45019 | Shoals:1 | Found a runed translucent gate.
 45025 | Shoals:1 | Found a runed translucent gate.
 45026 | Shoals:1 | Noticed Esequ's ghost (adept FoHs)
 45664 | Shoals:2 | Reached XP level 18. HP: 141/141 MP: 25/35
 45737 | Shoals:2 | Found Cekorum's Book Boutique.
 47685 | Shoals:3 | Reached skill level 13 in Fighting
 48414 | Shoals:4 | Entered Level 4 of the Shoals
 48747 | Shoals:4 | Got a barnacled rune of Zot
 49250 | Shoals:4 | Noticed Mlioglotl
 49453 | Shoals:4 | Identified the +1 leather armour of Grace {Rampage rC++
                  | Stlth-}
 49627 | Shoals:4 | Identified the +1 robe "Vouhuhenk" {Str+3}
 49816 | Shoals:4 | Identified the ring "Axurgh" {Ice *Corrode Str+4 Dex-4
                  | Slay+2}
 49868 | Shoals:1 | Noticed a titan
 50097 | Vaults:1 | Entered Level 1 of the Vaults
 50383 | Vaults:1 | Reached XP level 19. HP: 118/151 MP: 16/36
 51213 | Vaults:1 | Reached skill level 14 in Fighting
 51484 | Vaults:1 | Noticed Asterion
 51576 | Vaults:1 | Noticed Saint Roka
 51610 | Vaults:1 | Killed Saint Roka
 53512 | Vaults:2 | Found Viluc's Assorted Antiques.
 53997 | Vaults:2 | Found Eniles's Assorted Antiques.
 54006 | Vaults:2 | Bought 2 potions of brilliance for 336 gold pieces
 54809 | Vaults:2 | Found a staircase to the Crypt.
 54809 | Vaults:2 | Found an ancient bone altar of Kikubaaqudgha.
 54809 | Vaults:2 | Found a basalt altar of Yredelemnul.
 55725 | Vaults:2 | Reached skill level 15 in Fighting
 55899 | Vaults:2 | Reached XP level 20. HP: 162/162 MP: 19/38
 56682 | Vaults:3 | Reached skill level 15 in Invocations
 57816 | Vaults:3 | Identified the +7 arbalest "Rixoet" {heavy, Str+3}
 57816 | Vaults:3 | Identified the +3 trident of the Telling Gods {flame, rElec
                  | Str+3}
 58489 | Vaults:4 | Reached skill level 15 in Spellcasting
 58959 | Vaults:4 | Reached skill level 16 in Fighting
 59066 | Vaults:4 | Found a runed translucent gate.
 59067 | Vaults:4 | Found a runed translucent gate.
 59067 | Vaults:4 | Found a runed translucent gate.
 59236 | Vaults:4 | Found Kamayz Ureg's Assorted Antiques.
 59301 | Vaults:4 | Bought a potion of cancellation for 192 gold pieces
 59301 | Vaults:4 | Bought a potion of curing for 72 gold pieces
 59493 | Vaults:4 | Paralysed by a great orb of eyes for 5 turns
 59585 | Abyss:2  | Cast into level 2 of the Abyss (a wizard)
 59818 | Abyss:2  | Reached skill level 15 in Dodging
 59873 | Vaults:4 | Escaped the Abyss
 59996 | Vaults:4 | Reached XP level 21. HP: 171/171 MP: 16/40
 60571 | Vaults:4 | Paralysed by a great orb of eyes for 4 turns
 60743 | Vaults:4 | Reached skill level 15 in Stealth
 61120 | Vaults:4 | Noticed WinterFox's ghost (veteran GnWn)
 61328 | Vaults:1 | Killed Asterion
 61569 | Depths:1 | Entered Level 1 of the Depths
 61944 | Depths:1 | Noticed a juggernaut
 62647 | Depths:1 | Got a vibrant book
 62984 | Depths:1 | Found a gateway to Hell.
 63094 | Depths:1 | Learned a level 5 spell: Borgnjor's Vile Clutch
 63681 | Depths:2 | Found a one-way gate to the infinite horrors of the Abyss.
 63809 | Depths:2 | Identified the ring of Urchatoon {Ice Str+2 Int-4 Dex+3}
 63809 | Depths:2 | Noticed Josephina
 64008 | Depths:2 | Killed Josephina
 64638 | Depths:2 | Reached skill level 17 in Fighting
 65387 | Depths:2 | Identified the +7 chain mail "Dicui" {Rampage rCorr Stlth+}
 65728 | Orc:2    | Bought a +2 ring mail of positive energy for 234 gold
                  | pieces
 66534 | Depths:2 | Found a one-way gate leading to the halls of Pandemonium.
 66668 | Depths:3 | Noticed Margery
 66672 | Depths:3 | Killed Margery
 66674 | Depths:3 | Reached skill level 15 in Short Blades
 66674 | Depths:3 | Reached skill level 15 in Long Blades
 66674 | Depths:3 | Reached skill level 15 in Axes
 66674 | Depths:3 | Reached skill level 15 in Maces & Flails
 66674 | Depths:3 | Reached skill level 15 in Polearms
 66674 | Depths:3 | Reached skill level 15 in Staves
 66674 | Depths:3 | Reached skill level 15 in Ranged Weapons
 66674 | Depths:3 | Reached skill level 15 in Throwing
 66674 | Depths:3 | Reached skill level 15 in Armour
 66674 | Depths:3 | Reached skill level 15 in Shields
 66674 | Depths:3 | Reached skill level 15 in Unarmed Combat
 66674 | Depths:3 | Reached skill level 15 in Evocations
 67022 | Depths:3 | Reached XP level 22. HP: 152/182 MP: 24/41
 67346 | Depths:3 | Found a one-way gateway to a ziggurat.
 67750 | Depths:3 | Found a runed translucent gate.
 67750 | Depths:3 | Found a runed translucent gate.
 67750 | Depths:3 | Found a runed translucent gate.
 67751 | Depths:3 | Noticed Tiaserch's ghost (veteran HOFi)
 67752 | Depths:3 | Noticed Ivue's ghost (veteran MiCA)
 68935 | Depths:3 | Learned a level 8 spell: Ignition
 69250 | Depths:3 | Found Jitoga's Antique Weapon Emporium.
 69305 | Depths:4 | Entered Level 4 of the Depths
 69502 | Depths:4 | Found a runed translucent gate.
 69502 | Depths:4 | Found a runed translucent gate.
 69504 | Depths:4 | Found a runed translucent gate.
 69508 | Depths:4 | Noticed Jorghuwk's ghost (veteran MiCA)
 69955 | Depths:4 | Noticed a golden dragon
 70270 | Depths:4 | Found a gate to the Realm of Zot.
 70294 | Depths:4 | Reached skill level 18 in Fighting
 70757 | Depths:4 | Killed a golden dragon
 71579 | Depths:4 | Noticed a golden dragon
 71588 | Depths:4 | Killed a golden dragon
 71783 | Depths:4 | Learned a level 6 spell: Death Channel
 72424 | Depths:2 | Voluntarily entered the Abyss.
 72736 | Abyss:2  | Gained mutation: You sometimes lose your temper in combat.
                  | [a neqoxec]
 73519 | Abyss:3  | Found a corrupted altar of Lugonu.
 73531 | Abyss:3  | Found a corrupted altar of Lugonu.
 73634 | Abyss:3  | Reached XP level 23. HP: 192/192 MP: 31/43
 73967 | Abyss:3  | Gained mutation: You have an uncontrollable temper. [a
                  | neqoxec]
 74131 | Abyss:4  | Found a corrupted altar of Lugonu.
 74627 | Abyss:4  | Gained mutation: You sometimes lose the ability to drink
                  | potions when taking damage. [a neqoxec]
 74663 | Abyss:4  | Lost mutation: You sometimes lose the ability to drink
                  | potions when taking damage. [potion of mutation]
 74663 | Abyss:4  | Lost mutation: You have an uncontrollable temper. [potion
                  | of mutation]
 74663 | Abyss:4  | Lost mutation: You sometimes lose your temper in combat.
                  | [potion of mutation]
 74663 | Abyss:4  | Gained mutation: Your body sometimes deteriorates upon
                  | taking damage. [potion of mutation]
 74663 | Abyss:4  | Gained mutation: Armour fits poorly on your strangely
                  | shaped body. [potion of mutation]
 74663 | Abyss:4  | Gained mutation: You are agile. (Dex +4, Str/Int -1)
                  | [potion of mutation]
 74664 | Abyss:4  | Lost mutation: Armour fits poorly on your strangely shaped
                  | body. [potion of mutation]
 74664 | Abyss:4  | Lost mutation: Your body sometimes deteriorates upon taking
                  | damage. [potion of mutation]
 74664 | Abyss:4  | Lost mutation: You are agile. (Dex +4, Str/Int -1) [potion
                  | of mutation]
 74664 | Abyss:4  | Gained mutation: Your body sometimes deteriorates upon
                  | taking damage. [potion of mutation]
 74687 | Abyss:4  | Gained mutation: You sometimes lose the ability to drink
                  | potions when taking damage. [a shining eye]
 74689 | Abyss:4  | Gained mutation: You have hidden genetic defects. [a
                  | shining eye]
 74693 | Abyss:4  | Gained mutation: You occasionally shout uncontrollably at
                  | your foes. [a shining eye]
 74709 | Abyss:4  | Gained mutation: Your magical capacity is low. (-10% MP) [a
                  | neqoxec]
 74761 | Abyss:4  | Reached skill level 19 in Fighting
 74896 | Abyss:4  | Lost mutation: Your body sometimes deteriorates upon taking
                  | damage. [potion of mutation]
 74896 | Abyss:4  | Lost mutation: Your magical capacity is low. (-10% MP)
                  | [potion of mutation]
 74896 | Abyss:4  | Lost mutation: You occasionally lose the ability to drink
                  | potions when taking damage. [potion of mutation]
 74896 | Abyss:4  | Gained mutation: You frequently scream uncontrollably at
                  | your foes. [potion of mutation]
 74896 | Abyss:4  | Gained mutation: You are partially covered in iridescent
                  | scales. (AC +2) [potion of mutation]
 74896 | Abyss:4  | Gained mutation: You are resistant to electric shocks.
                  | (rElec) [potion of mutation]
 74896 | Abyss:4  | Gained mutation: You possess an exceptional clarity of
                  | mind. [potion of mutation]
 74949 | Abyss:4  | Gained mutation: Your spells are a little easier to cast,
                  | but a little less powerful. [a neqoxec]
 75101 | Abyss:4  | Got an abyssal rune of Zot
 75182 | Abyss:4  | Gained mutation: You are dopey. (Int -2) [hidden defects]
 75190 | Abyss:4  | Noticed an ancient lich
 75357 | Depths:2 | Escaped the Abyss
 75477 | Zig:1    | Entered Level 1 of a ziggurat
 75491 | Zig:2    | Entered Level 2 of a ziggurat
 75553 | Zig:3    | Entered Level 3 of a ziggurat
 75553 | Zig:3    | Noticed Xistrochu the pandemonium lord
 75586 | Zig:3    | Killed Xistrochu the pandemonium lord
 75670 | Zig:4    | Entered Level 4 of a ziggurat
 75670 | Zig:4    | Noticed a dread lich
 75674 | Zig:4    | Paralysed by a dread lich for 3 turns
 75682 | Zig:4    | Gained mutation: You are frail. (-10% HP) [a cacodemon]
 75690 | Zig:4    | Killed a dread lich
 75691 | Zig:4    | Reached skill level 15 in Shapeshifting
 75778 | Zig:5    | Entered Level 5 of a ziggurat
 75797 | Zig:5    | Identified the staff of the Wasp {rElec MP+9 Air}
 75806 | Zig:6    | Entered Level 6 of a ziggurat
 75830 | Zig:6    | Gained mutation: Armour fits poorly on your strangely
                  | shaped body. [hidden defects]
 75830 | Zig:6    | Lost mutation: You have hidden genetic defects. [hidden
                  | defects expressed]
 75846 | Zig:6    | Identified the +2 leather armour of the Ward {Contam rElec
                  | rPois Int+3}
 75853 | Zig:6    | Identified the +0 robe "Niawkaj" {rC- Str+2 Dex+3}
 75864 | Zig:6    | Identified the +5 glaive "Duypahiu" {distort, rN+}
 75872 | Zig:7    | Entered Level 7 of a ziggurat
 75944 | Zig:7    | Reached XP level 24. HP: 181/181 MP: 44/44
 76042 | Zig:7    | Identified the +5 hand axe of Dullness {freeze, Str+5}
 76052 | Zig:7    | Identified the staff "Azomis" {Fly rF+ Will- Dex+4 Fire}
 76160 | Zig:8    | Entered Level 8 of a ziggurat
 76248 | Zig:8    | Got a decrepit book
 76262 | Zig:9    | Entered Level 9 of a ziggurat
 76268 | Zig:9    | Noticed a dread lich
 76269 | Zig:9    | Noticed a dread lich
 76276 | Zig:9    | Gained mutation: You are very frail. (-20% HP) [a
                  | cacodemon]
 76277 | Zig:9    | Killed a dread lich
 76281 | Zig:9    | Killed from afar by a Hell Sentinel

Illustrated notes

Levels and vault maps discovered:
D:1:      scummos_arrival_forest, layout_loops_cross, st_stairs_7
D:2:      layout_rooms, serial_shops, shop_statue, kennysheep_flooded_box
D:3:      layout_loops_cross, nicolae_vehumet_radiance,
          nicolae_tso_besieged_by_evil, portal_sewer_entry_b, uniq_ijyb,
          uniq_natasha
D:4:      layout_basic, nzn_wu_jian_council_hall, trog_book, uniq_pikel
D:5:      minmay_clustersquares, layout_rooms, mainiacjoe_overflow_boulevard,
          minmay_temple_entry_large_hall, kennysheep_small_circle,
          uniq_prince_ribbit1, uniq_eustachio
D:6:      layout_basic, nemelex_diamond_rough_becter, elyvilon_altar_5,
          nicolae_qazlal_style_of_elements, corexii_corridor_pit,
          hangedman_abyss_or_decor_passed
D:7:      lemuel_slime, layout_basic, grunt_gozag_breadcrumbs
D:8:      layout_cave_pods, nicolae_overflow_squiral, lemuel_tele_altar,
          erik_lair_island
D:9:      layout_rooms, lemuel_doored_altar
D:10:     layout_long_grid, tgw_sif, lemuel_zombie_altar_yredelemnul
D:11:     layout_stronghold
D:12:     layout_roguey, david_orc_5, serial_shops,
          nicolae_shop_pleasant_corner_grove, uniq_kirke
D:13:     doesnt_quadruple_sword, layout_basic,
          hellmonk_vaults_attempted_burglary, serial_shops, shop, uniq_maurice
D:14:     layout_stronghold, serial_bayou_lagoon_a, serial_shops,
          kennysheep_mini_moat, nrook_mini_backslash, uniq_rupert
D:15:     hangedman_depths_entry_civil_slaughter, layout_irregular_city,
          serial_bayou_shore_b, minivault_22,
          einodemon_armed_red_devil_minivault
Lair:1:   layout_gridlike, serial_bayou_pond_d, beast_lair_carwin_4,
          infiniplex_staircase_pool_2, grunt_megastairs_3, uniq_fannar
Lair:2:   layout_chaotic_city, minmay_shoals_entry_hut, gauntlet_entry_generic,
          serial_bayou, serial_bayou_pond_d, serial_bayou_ford_a,
          serial_bayou_lagoon_b, serial_bayou_pond_d, evilmike_ambush
          [evilmike_ambush_outer_corners, evilmike_ambush_inner_cross]
Lair:3:   layout_gridlike, nicolae_spider_entry_orb_guardian,
          gammafunk_ghost_arena, eino_small_chamber_without_monster,
          nicolae_lair_run_with_the_wolves
Lair:4:   layout_misc_corridors, minmay_slime_entry_oklob_open
Lair:5:   minmay_lair_end_enchanted_forest, layout_cave_pods, ldierk_geyser,
          minmay_lair_oklob_items, eino_small_chamber_without_monster,
          serial_bayou_pond_c
Shoals:1: cheibrodos_shoals_gigantism, layout_shoals,
          gammafunk_ghost_necromancy, nicolae_shop_self_help
Shoals:2: layout_shoals, serial_shops, nicolae_shop_stone
Shoals:3: layout_shoals
Shoals:4: shoals_end_simple, layout_shoals, uniq_mlioglotl
Spider:1: layout_spider_delve, nicolae_crawler_farm,
          hangedman_spider_tarantella_strand
Spider:2: layout_spider_delve
Spider:3: layout_spider_delve
Spider:4: floodkiller_spider_rune_tomb
Orc:1:    layout_diamond_mine, uniq_jorgrun
Orc:2:    st_orc_pillars, layout_caves, basic_altar, uniq_erolcha, uniq_snorg
Vaults:1: nicolae_vaults_offset_grid_hallway_3, nicolae_vaults_frosty_reception,
          vaults_dpeg_hooks, nicolae_vaults_sightless_eye,
          layout_vaults_omnigrid, uniq_saint_roka, uniq_asterion
Vaults:2: minmay_crypt_entry_necro_gods, v_misc_33, hangedman_vaults_stitches,
          hangedman_vaults_snaps, nicolae_vaults_double_plus_1,
          special_room_vaults [special_room_orc], vaults_dpeg_doors,
          hangedman_vaults_nodes, nicolae_vaults_tetromino_L_2, v_misc_11,
          v_alt_pattern_2, vaults_room_mumra_shop_pool, vaults_room_hallway,
          nicolae_vaults_trapezoid_2, layout_vaults_omnicross, serial_shops,
          shop
Vaults:3: dpeg_vaults_monster_box, vaults_room_boxed,
          nicolae_vaults_closet_pinwheel_4, vaults_room_hallway,
          nicolae_vaults_cornered_office, v_misc_2, dpeg_vaults_hating_casters,
          nicolae_vaults_offset_grid_hallway_4,
          nicolae_vaults_offset_grid_hallway_1, vaults_room_door_ring,
          hangedman_vaults_unwind, vaults_room_pool,
          nicolae_vaults_diagonal_hallway_6, nicolae_vaults_little_squares_3,
          layout_vaults_maze_snakey
Vaults:4: gammafunk_ghost_tricky_traps, vaults_mumra_minichess,
          nicolae_vaults_puzzle_piece, nicolae_vaults_rhombus_7,
          nicolae_vaults_doubleplus_tesselated, ontoclasm_vaults_spin,
          nicolae_vaults_trapezoid_lopsided_2, vaults_room_pools,
          nicolae_vaults_network_star, v_pattern_5, ontoclasm_vaults_idyll,
          nicolae_vaults_asterisk, v_misc_17, layout_vaults_omnibox,
          serial_shops, shop
Depths:1: layout_gridlike, minmay_crystal_room, hell_entry,
          minmay_mirror_moons_of_madness, serial_bayou_shore_b,
          nicolae_triple_integral
Depths:2: minmay_the_grid_triangle_9x9_rhombus_thin_mashed
          [minmay_the_grid_triangle_9x9_semitri,
          minmay_the_grid_triangle_9x9_prize_center,
          minmay_the_grid_triangle_9x9_alien,
          minmay_the_grid_triangle_9x9_steps], layout_cave_pools,
          minmay_misc_feat_tiny, abyss_entry, hellmouth_1,
          grunt_pan_entry_sceptre, serial_bayou_shore_b,
          infiniplex_staircase_spiral, uniq_josephina
Depths:3: minmay_box_of_statues, layout_cave_pools, enter_ziggurat_b,
          hangedman_abyss_or_decor_stagger, gammafunk_ghost_cemetery,
          serial_shops, nicolae_shop_real_fake_doors, hell_entry, abyss_entry,
          nicolae_houndstooth_variations, uniq_margery
Depths:4: evilmike_zot_entry_diamond, layout_gridville, abyss_entry, hell_entry,
          ebering_ghost_rock_garden, grunt_pan_entry_zigzag, st_stairs_11
Zig:9

Skill      XL: |  1  2  3  4  5  6  7  8  9 10 11 12 13 14 15 16 17 18 19 20 21 22 23 24 |
---------------+-------------------------------------------------------------------------+-----
Transmutations | 2 3 4 5 6 7 8 9 10 11 12 13 14 | 14.2
Spellcasting   | 5 6 7 8 9 10 11 12 13 14 15 16 17 | 17.1
Invocations    | 1 2 3 4 5 6 7 8 9 10 11 12 13 14 15 16 17 | 17.8
Fighting       | 1 2 3 4 5 6 8 9 10 11 12 13 15 16 17 18 19 | 19.7
Short Blades   | 1 2 3 4 5 6 8 9 10 11 12 13 14 15 16 | 16.4
Long Blades    | 1 2 3 4 5 6 8 9 10 11 12 13 14 15 16 | 16.4
Axes           | 1 2 3 4 5 6 8 9 10 11 12 13 14 15 16 | 16.4
Maces & Flails | 1 2 3 4 5 6 8 9 10 11 12 13 14 15 16 | 16.4
Polearms       | 1 2 3 4 5 6 8 9 10 11 12 13 14 15 16 | 16.4
Staves         | 1 2 3 4 5 6 8 9 10 11 12 13 14 15 16 | 16.4
Ranged Weapons | 1 2 3 4 5 6 8 9 10 11 12 13 14 15 16 | 16.4
Throwing       | 1 2 3 4 5 6 8 9 10 11 12 13 14 15 16 | 16.4
Armour         | 1 2 3 4 5 6 8 9 10 11 12 13 14 15 16 | 16.4
Shields        | 1 2 3 4 5 6 8 9 10 11 12 13 14 15 16 | 16.4
Unarmed Combat | 1 2 3 4 5 6 8 9 10 11 12 13 14 15 16 | 16.4
Evocations     | 1 2 3 4 5 6 8 9 10 11 12 13 14 15 16 | 16.4
Shapeshifting  | 1 2 3 4 5 6 7 8 9 10 11 12 13 14 15 | 15.2
Conjurations   | 1 2 3 4 5 6 7 8 9 10 11 12 13 14 | 14.0
Hexes          | 1 2 3 4 5 6 7 8 9 10 11 12 13 14 | 14.0
Summonings     | 1 2 3 4 5 6 7 8 9 10 11 12 13 14 | 14.0
Necromancy     | 1 2 3 4 5 6 7 8 9 10 11 12 13 14 | 14.0
Translocations | 1 2 3 4 5 6 7 8 9 10 11 12 13 14 | 14.0
Fire Magic     | 1 2 3 4 5 6 7 8 9 10 11 12 13 14 | 14.0
Ice Magic      | 1 2 3 4 5 6 7 8 9 10 11 12 13 14 | 14.0
Air Magic      | 1 2 3 4 5 6 7 8 9 10 11 12 13 14 | 14.0
Poison Magic   | 1 2 3 4 5 6 7 8 9 10 11 12 13 14 | 14.0
Dodging        | 5 6 7 8 9 10 11 12 13 14 15 16 17 | 17.0
Stealth        | 5 6 7 8 9 10 11 12 13 14 15 16 | 16.9
Earth Magic    | 6 7 8 9 10 11 12 13 14 | 14.9

Action                     |  1- 3 |  4- 6 |  7- 9 | 10-12 | 13-15 | 16-18 | 19-21 | 22-24 || total
---------------------------+-------+-------+-------+-------+-------+-------+-------+-------++-------
  Melee: Short sword       |       |    55 |       |       |       |       |       |       ||    55
         Bite              |       |     3 |     6 |     5 |    48 |    34 |   114 |   173 ||   383
         Dagger            |       |       |    45 |       |       |       |       |       ||    45
         Staff             |       |       |     2 |    54 |   404 |   319 |   566 |   870 ||  2215
         Punch             |       |       |     1 |     2 |    17 |       |       |       ||    20
  Throw: Dart              |       |       |       |     2 |       |       |       |       ||     2
   Cast: Sandblast         |    49 |    30 |    91 |    32 |     6 |     2 |       |       ||   210
         Stone Arrow       |       |    14 |   111 |   234 |   301 |     3 |       |       ||   663
         Fulminant Prism   |       |       |       |    27 |    68 |    49 |    38 |    19 ||   201
         Lee's Rapid Decon |       |       |       |     2 |     8 |     2 |    11 |     1 ||    24
         Airstrike         |       |       |       |     2 |       |       |       |       ||     2
         Irradiate         |       |       |       |       |    18 |    14 |    11 |    22 ||    65
         Bombard           |       |       |       |       |   183 |   474 |   491 |   327 ||  1475
         Ozocubu's Refrige |       |       |       |       |       |    37 |    52 |    41 ||   130
         Blink             |       |       |       |       |       |     1 |     1 |     3 ||     5
         Borgnjor's Vile C |       |       |       |       |       |       |    10 |    14 ||    24
         Death Channel     |       |       |       |       |       |       |       |     8 ||     8
         Ignition          |       |       |       |       |       |       |       |    14 ||    14
         Apportation       |       |       |       |       |       |       |       |     1 ||     1
  Evoke: Wand              |       |       |       |       |     1 |       |       |     1 ||     2
    Use: Scroll            |       |       |    16 |     7 |    13 |    10 |     5 |    11 ||    62
         Potion            |       |       |       |       |     8 |     5 |     5 |    19 ||    37
   Stab: Distracted        |       |       |       |       |       |       |       |     2 ||     2
 Armour: Robe              |     1 |    20 |    36 |     3 |       |       |       |       ||    60
         Troll leather arm |       |       |       |    41 |   230 |   215 |   176 |       ||   662
         Leather armour    |       |       |       |       |       |       |    92 |       ||    92
         Ring mail         |       |       |       |       |       |       |    21 |   434 ||   455
         Skin              |       |       |       |       |       |       |       |   123 ||   123
  Dodge: Dodged            |     6 |    27 |    27 |    52 |   238 |   219 |   239 |   477 ||  1285
  Block: Other             |     2 |    10 |    13 |    15 |    51 |       |       |       ||    91
         Reflection        |     1 |     2 |       |     5 |    17 |    47 |    45 |     8 ||   125
         Buckler           |       |       |       |       |    95 |   316 |   350 |   455 ||  1216
   Form: Statue            |       |       |       |       |       |       |       |     4 ||     4
                           |       |       |       |       |       |       |       |     3 ||     3

Table legend: (Time is in decaauts)
 A = Elapsed time spent in this place.
 B = Non-inter-level travel time spent in this place.
 C = Inter-level travel time spent in this place.
 D = Time resting spent in this place.
 E = Time spent auto-exploring this place.
 F = Levels seen in this place.
 G = Mean time per level.
                   A        B        C        D        E       F      G
               +--------+--------+--------+--------+--------+-----+--------+
         Total |  76402 |  69778 |   6624 |  17889 |  37364 |  52 | 1469.3 |
       Dungeon |  21424 |  18186 |   3238 |   2151 |  13269 |  15 | 1428.3 |
          Lair |   9874 |   8973 |    901 |   1761 |   5666 |   5 | 1974.8 |
        Shoals |   6281 |   6128 |    153 |   2652 |   2075 |   4 | 1570.2 |
   Spider Nest |   9800 |   8977 |    823 |   4035 |   3277 |   4 | 2450.0 |
  Orcish Mines |   2457 |   2184 |    273 |    998 |    531 |   2 | 1228.5 |
        Vaults |  11103 |  10454 |    649 |   1742 |   6983 |   4 | 2775.8 |
        Depths |   9976 |   9392 |    584 |   2861 |   4603 |   4 | 2494.0 |
         Abyss |   3064 |   3064 |      0 |   1006 |      4 |   4 |  766.0 |
      Ziggurat |   1181 |   1181 |      0 |    531 |    123 |   9 |  131.2 |
         Sewer |   1237 |   1237 |      0 |    150 |    832 |   1 | 1237.0 |
               +--------+--------+--------+--------+--------+-----+--------+

Top non-repeatable levels by time:
Vaults:2: 3666 daAuts
Spider:4: 3267 daAuts
Spider:1: 3051 daAuts
Depths:2: 2997 daAuts
Vaults:1: 2751 daAuts
Vaults:4: 2687 daAuts
  Lair:5: 2472 daAuts
Depths:4: 2469 daAuts
  Lair:3: 2408 daAuts
Depths:3: 2269 daAuts
Depths:1: 2239 daAuts
     D:5: 2117 daAuts
Vaults:3: 1999 daAuts
     D:8: 1959 daAuts
  Lair:2: 1952 daAuts
